 Dungeon Crawl Stone Soup version 0.25.1-2-g60ff931df9 (webtiles) character file.

Game seed: 10348255182439852657

151 Delamore the Cudgeler (level 5, 0/32 HPs)
             Began as a Gargoyle Fighter on Aug 2, 2020.
             Slain by Grinder (3 damage)
             ... while paralysed by Grinder
             ... on level 3 of the Dungeon.
             The game lasted 00:01:59 (2832 turns).

Delamore the Cudgeler (Gargoyle Fighter)            Turns: 2832, Time: 00:01:59

Health: 0/32       AC: 10    Str: 20    XL:     5   Next: 33%
Magic:  5/5        EV:  2    Int:  9    God:
Gold:   109        SH:  0    Dex:  9    Spells: 4/4 levels left

rFire    . . .     SeeInvis .   a - +0 flail
rCold    . . .     Gourm    .   c - +0 kite shield
rNeg     + . .     Faith    .   b - +0 scale mail
rPois    ∞         Spirit   .   (no helmet)
rElec    +         Reflect  .   (no cloak)
rCorr    .         Harm     .   (no gloves)
MR       .....                  (no boots)
Stlth    ..........             (no amulet)
HPRegen  0.10/turn              (no ring)
MPRegen  0.09/turn              (no ring)

@: paralysed
A: negative energy resistance 1, electricity resistance, unbreathing,
petrification resistance, rot immunity, AC +4
a: no special abilities


You were on level 3 of the Dungeon.
You were not hungry.

You visited 1 branch of the dungeon, and saw 3 of its levels.

You collected 109 gold pieces.

Inventory:

Hand Weapons
 a - a +0 flail (weapon)
Armour
 b - a +0 scale mail (worn)
 c - a +0 kite shield (worn)
Scrolls
 e - a scroll of random uselessness {unknown}
 h - a scroll of fear {unknown}
 j - a scroll of noise {unknown}
 l - 3 scrolls of teleportation {unknown}
 o - a scroll of identify {unknown}
 p - a scroll of remove curse {unknown}
 q - 2 scrolls of magic mapping {unknown}
Potions
 d - a potion of might
 k - 5 potions of degeneration {unknown}
 m - a potion of invisibility {unknown}
 n - a potion of magic {unknown}
 r - a potion of experience {unknown}
Comestibles
 f - 4 rations


   Skills:
 - Level 3.2 Fighting
 + Level 5.4 Maces & Flails
 - Level 3.2 Armour
 - Level 3.2 Shields


You had 4 spell levels left.
You didn't know any spells.
Your spell library was empty.

Dungeon Overview and Level Annotations

Branches:
Dungeon (3/15)

Altars:
Sif Muna
Trog
Xom

Annotations:
D:3 Grinder


Innate Abilities, Weirdness & Mutations

You are resistant to torment.
Your stone body is resilient. (AC +4)
You are immune to poison.
You resist negative energy. (rN+)
You are resistant to electric shocks. (rElec)
You can survive without breathing.
You are immune to petrification.
You are immune to rotting.


Message History

Grinder hits you.
You writhe in agony.
* * * LOW HITPOINT WARNING * * *
You hit Grinder.
Grinder is severely wounded.
You block Grinder's attack.
You closely miss Grinder.
Grinder is severely wounded.
Grinder barely misses you. Grinder hits you.
* * * LOW HITPOINT WARNING * * *
You closely miss Grinder.
Grinder is severely wounded.
Grinder hits you but does no damage.
Your shield and scale mail prevent you from hitting Grinder.
Grinder is severely wounded.
Grinder gestures at you.
You suddenly lose the ability to move!
Grinder hits you.
* * * LOW HITPOINT WARNING * * *
You writhe in agony.
You die...

... ....(...((+ ..
#.#..#(...#. . ##+
#.#.#..#(..... #
.....#.#.#..#...... +
......+......(...... #
......#.##..........
####....................
#................5.....#
................@#......
..........(...#### .....
.........(....+ ...#
...#######....# .##
...#######....## #
..........#....#
...............#
...............#
.................


You could see Grinder.

Vanquished Creatures
  A jelly (D:3)
  5 adders (D:2)
  A gnoll (D:1)
  2 worms
  4 dart slugs
  A leopard gecko (D:1)
  An orc (D:3)
  A giant cockroach (D:3)
  9 goblins
  6 hobgoblins
  4 jackals (D:1)
  A quokka (D:2)
  7 bats
  5 frilled lizards
  4 kobolds (D:2)
  2 rats
54 creatures vanquished.

Notes
Turn   | Place    | Note
-------+----------+-------------------------------------------
     0 | D:1      | Delamore the Gargoyle Fighter began the quest for the Orb.
     0 | D:1      | Reached XP level 1. HP: 14/14 MP: 1/1
    37 | D:1      | Reached XP level 2. HP: 8/19 MP: 2/2
    39 | D:1      | Reached skill level 3 in Maces & Flails
   363 | D:1      | Reached XP level 3. HP: 22/23 MP: 3/3
  1095 | D:2      | Found a shimmering blue altar of Sif Muna.
  1095 | D:2      | Found a bloodstained altar of Trog.
  1096 | D:2      | Found a shimmering altar of Xom.
  1118 | D:2      | Reached skill level 4 in Maces & Flails
  1313 | D:2      | Reached XP level 4. HP: 26/28 MP: 4/4
  2303 | D:3      | Reached skill level 5 in Maces & Flails
  2325 | D:3      | Reached XP level 5. HP: 32/32 MP: 5/5
  2801 | D:3      | Noticed Grinder
  2831 | D:3      | Paralysed by Grinder for 3 turns
  2832 | D:3      | Slain by Grinder

Illustrated notes

Levels and vault maps discovered:
D:1:      tarquinn_simple_flora_water_c, layout_rooms, minivault_23
D:2:      layout_loops_corners, grunt_temple_overflow_open, first_ration
D:3:      layout_basic, uniq_grinder

Skill      XL: |  1  2  3  4 |
---------------+-------------+-----
Maces & Flails | 3 4 5 |  5.4
Fighting       | |  3.2
Armour         | |  3.2
Shields        | |  3.2

Action                   |  1- 3 |  4- 6 || total
-------------------------+-------+-------++-------
Melee: Flail             |   146 |   121 ||   267
Throw: Dart              |       |     7 ||     7
  Eat: Chunk             |     2 |     5 ||     7
Armor: Scale mail        |    94 |    83 ||   177
Dodge: Dodged            |    68 |    47 ||   115
Block: Kite shield       |    93 |    81 ||   174
